[Event "FRA-ch Teams Top 16-Haute 2022"]
[Site "Chartres"]
[Date "2022.06.16"]
[Round "8.1"]
[White "Ragger, Markus"]
[Black "Nihal Sarin"]
[Result "1/2-1/2"]
[ECO "C07"]
[WhiteElo "2636"]
[BlackElo "2646"]
[Annotator "TA"]
[PlyCount "46"]
[EventDate "2022.06.16"]
[EventType "team-tourn"]
[EventCountry "FRA"]
[SourceTitle "playchess.com"]
[Source "ChessBase"]
[SourceQuality "1"]
[TimeControl "40/5400+30:1800+30"]

1. e4 e6 2. d4 d5 3. Nd2 c5 4. Ngf3 cxd4 5. Nxd4 Nc6 6. Bb5 Bd7 7. Nxc6 bxc6 8. Bd3 $1 {[%emt 0:00:18] The position is equal.} Bd6 {[%emt 0:00:05] C07: French Tarrasch: 3...c5, 4 Ngf3 and 4 exd5 Qxd5.} 9. Qe2 e5 $1 {[%emt 0:00:07][%mdl 4] is currently scoring better than 9...Ne7.} 10. exd5 cxd5 11. c4 Ne7 12. cxd5 Nxd5 13. Be4 Nf4 14. Qa6 Bc5 {[%emt 0:00:07] [#] aiming for ...Rb8.} 15. O-O $1 {[%emt 0:00:53] Strongly threatening Nf3.} Rb8 {[%emt 0:00:19] White must now prevent ...0-0.} 16. Nb3 Bb6 17. Bxf4 {[%emt 0:00:10] [#] An even fight not without its subleties.  Weighted Error Value: White=0.00 (flawless) /Black=0.02 (flawless)} {Predecessor:} exf4 $146 18. Rad1 O-O 19. Bxh7+ Kxh7 20. Qd3+ Kg8 21. Qxd7 Qf6 22. Qd6 Qxd6 23. Rxd6 a5 {½-½ (38) Khusnutdinov,R (2484)-Aitbayev,A (2427) Chess.com INT 2021} 1/2-1/2

[Event "FRA-ch Teams Top 16-Haute 2022"]
[Site "Chartres"]
[Date "2022.06.16"]
[Round "8.3"]
[White "Naiditsch, Arkadij"]
[Black "Mendonca, Leon Luke"]
[Result "0-1"]
[ECO "B13"]
[WhiteElo "2654"]
[BlackElo "2551"]
[Annotator "TA"]
[PlyCount "116"]
[EventDate "2022.06.16"]
[EventType "team-tourn"]
[EventCountry "FRA"]
[SourceTitle "playchess.com"]
[Source "ChessBase"]
[SourceQuality "1"]
[TimeControl "40/5400+30:1800+30"]

1. e4 c6 2. d4 d5 3. exd5 cxd5 4. Bd3 Nf6 5. h3 Nc6 6. Nf3 {[%emt 0:00:10] B13: Caro-Kann: Exchange Variation and Panov-Botvinnik Attack.} Nb4 7. Nc3 {[%emt 0:00:20] outshines the older 7.Bb5+.} Nxd3+ 8. cxd3 {[%emt 0:00:08] The position is equal.} e6 9. Bf4 Bd6 10. Bxd6 Qxd6 {[%emt 0:00:21] [#]} 11. O-O $146 ({Predecessor:} 11. Rc1 O-O 12. O-O Bd7 13. Qb3 Rfc8 14. Ne5 Be8 15. Rfe1 Rab8 16. a3 g6 17. Qc2 {0-1 (29) Rodriguez Redondo,A (1314)-Ramos Aguilar,J (2176) Tenerife 2012}) 11... O-O 12. Qb3 Bd7 13. Ne5 Rfc8 14. Rfc1 Be8 15. a4 ({Not} 15. Qxb7 $2 Rcb8 16. Nb5 Qb4 $19) 15... Qb6 16. Qxb6 axb6 17. Kf1 Kf8 (17... Bxa4 $2 18. Nxa4 Rxc1+ 19. Rxc1 $18) 18. Ke2 Ng8 ({But not} 18... Bxa4 19. Nxa4 Rxc1 20. Rxc1 $16) 19. Kd2 Ne7 20. f4 Nf5 21. Nf3 f6 22. g4 Ne7 23. Ng1 h5 24. Re1 hxg4 25. hxg4 Kf7 26. Nge2 Bd7 27. Rh1 Rh8 28. Ng3 Rag8 29. b3 Rxh1 30. Rxh1 g5 31. Rh6 Rg6 32. fxg5 Rxh6 33. gxh6 $11 {[%emt 0:00:06][%mdl 4096] [#] Endgame Threatens to win with h7. KBN-KNN} Kg6 34. Nh5 {[%emt 0:04:48][%cal Oh6h7] Hoping for h7!} Ng8 35. h7 Kxh7 36. Ke3 Kg6 37. Kf4 (37. Nf4+ $11 {remains equal.} Kg5 38. Kf3) 37... Ne7 $17 38. Kg3 Nc6 39. Ne2 Nb4 40. Nhf4+ Kf7 41. Nc3 Bc6 42. Kh4 {[%emt 0:00:00] [#] Loses the game.} (42. Kf3 $17) 42... e5 $1 $19 43. Nfe2 Nxd3 44. g5 Ne1 45. gxf6 Kxf6 46. Kg3 Nc2 47. Nb1 exd4 48. Kf2 Ke5 49. Nc1 Bd7 50. Nd2 Kd6 51. Nf3 Bf5 {[%emt 0:00:47] Against Nd3. White must now prevent ...Kc5.} 52. Ke2 Kc5 53. Kd2 Na1 54. b4+ Kc4 55. b5 Be4 56. Ng5 Nb3+ 57. Nxb3 Kxb3 58. Ne6 d3 {[%emt 0:00:55] Weighted Error Value: White=0.33/Black=0.05 (flawless)} 0-1

[Event "FRA-ch Teams Top 16-Haute 2022"]
[Site "Chartres"]
[Date "2022.06.16"]
[Round "8.4"]
[White "Burri, Quentin"]
[Black "Rodshtein, Maxim"]
[Result "0-1"]
[ECO "D35"]
[WhiteElo "2401"]
[BlackElo "2588"]
[Annotator "TA"]
[PlyCount "50"]
[EventDate "2022.06.16"]
[EventType "team-tourn"]
[EventCountry "FRA"]
[SourceTitle "playchess.com"]
[Source "ChessBase"]
[SourceQuality "1"]
[TimeControl "40/5400+30:1800+30"]

1. d4 Nf6 2. c4 e6 3. Nc3 d5 4. cxd5 exd5 5. Bg5 Bb4 6. e3 h6 7. Bxf6 {[%emt 0:03:08] D35: Queen's Gambit Declined: Exchange Variation.} Qxf6 8. Qa4+ Nc6 9. Rc1 {[%emt 0:00:42] The position is equal.} O-O 10. a3 Bxc3+ 11. Rxc3 Re8 12. Nf3 Bg4 13. Be2 Bxf3 14. gxf3 Re6 {[%emt 0:13:25] [#]} 15. Qd1 $146 (15. h4 $11) ({Predecessor:} 15. f4 Rae8 16. Bg4 Re4 17. Kf1 Nxd4 18. exd4 c6 19. Rg3 Rxf4 20. Qc2 Ree4 21. h3 {1-0 (32) Djuric,S (2489)-Efimov,I (2446) Cutro 2002}) 15... Rae8 $1 $15 {[%emt 0:02:23][%cal Oc6d4] Strongly threatening ...Nxd4!} 16. Bb5 (16. Rd3 $15) 16... Qh4 {[%emt 0:07:30] Black is more active.} ({Black should play} 16... Nxd4 $1 $17 17. Bxe8 Nxf3+ 18. Ke2 Rxe8 19. Qxd5 Rd8 $1 20. Qxd8+ (20. Qxf3 $2 Rd2+ 21. Kxd2 Qxf3 $19) 20... Qxd8 21. Kxf3 Qd5+ 22. e4 Qh5+ 23. Ke3 Qg5+ 24. Ke2 Qg4+ 25. Ke3 g5) 17. O-O {[%emt 0:05:26] This move loses the game for White.} (17. Kf1 $1 $15) 17... Rg6+ $19 18. Kh1 Rg5 {[%emt 0:03:21] ( -> ...Rh5)} 19. Rg1 (19. Bxc6 $2 {[#] gets mated.} Rh5 $1 20. h3 Qxh3+ 21. Kg1 Qh2#) 19... Qxf2 {[%emt 0:00:55] And now ...Rxg1+ would win.} ({Don't take} 19... Rh5 20. Rg2 $16) 20. Rxg5 hxg5 21. Qe2 Qxe2 22. Bxe2 Nxd4 23. exd4 (23. Ba6 {was called for.}) 23... Rxe2 24. Rxc7 Rxb2 25. Rc5 Rb3 {[%emt 0:01:25] Weighted Error Value: White=0.28 (precise) /Black=0.09 (flawless)} 0-1

[Event "FRA-ch Teams Top 16-Haute 2022"]
[Site "Chartres"]
[Date "2022.06.16"]
[Round "8.5"]
[White "Bacrot, Etienne"]
[Black "Gatineau, Yovann"]
[Result "1-0"]
[ECO "C95"]
[WhiteElo "2638"]
[BlackElo "2367"]
[Annotator "TA"]
[PlyCount "103"]
[EventDate "2022.06.16"]
[EventType "team-tourn"]
[EventCountry "FRA"]
[SourceTitle "playchess.com"]
[Source "ChessBase"]
[SourceQuality "1"]
[TimeControl "40/5400+30:1800+30"]

1. e4 e5 2. Nf3 Nc6 3. Bb5 a6 4. Ba4 Nf6 5. O-O Be7 6. Re1 b5 7. Bb3 d6 8. c3 O-O 9. h3 Nb8 10. d4 Nbd7 11. Nbd2 Bb7 12. Bc2 Re8 13. Nf1 Bf8 14. Ng3 g6 15. a4 c5 16. d5 c4 17. Bg5 Nc5 {[%emt 0:01:33] C95: Closed Ruy Lopez: Breyer Variation with 10 d4.} 18. Nh2 h6 19. Be3 h5 {[%emt 0:00:13] White has an edge.} 20. Nf3 Nfd7 21. Qe2 Nb6 22. axb5 axb5 23. Rxa8 Bxa8 24. Ng5 Qf6 25. Rf1 {[%emt 0:00:00] [#]} Qg7 $146 (25... Nbd7 $11) ({Predecessor:} 25... Nbd7 26. h4 Qe7 27. Ra1 Bb7 28. Ra5 Ba6 29. Nxh5 gxh5 30. Qxh5 Bg7 31. Qh7+ Kf8 {0-1 (81) Topalov,V (2740)-Amin,B (2704) Abidjan 2019}) 26. f4 $16 {[%emt 0:00:00] [#] aiming for fxe5.} exf4 27. Rxf4 Re7 28. Bxc5 dxc5 (28... Nxd5 $142 29. Bxd6 Nxf4 30. Bxf4 f6) 29. d6 $18 Qe5 30. dxe7 Bxe7 31. Rxf7 Qxg5 32. Qf2 {[%emt 0:00:00][%cal Oe4e5] [#] Hoping for e5!} Nd7 33. Nf1 Qe5 34. Rf3 Qe6 (34... Bxe4 $2 35. Re3 $18) 35. Qg3 Ne5 36. Rf2 Bc6 37. Ne3 Kh7 (37... Nd3 $16) 38. Qf4 Kg7 39. Nd5 Bxd5 40. exd5 Qxd5 41. Rd2 Nd3 {[%emt 0:08:30] Black cannot hold the game after this.} (41... Qe6 $16 42. Qe4 b4) 42. Bxd3 cxd3 {[%emt 0:01:38][%mdl 4096] Endgame KQR-KQB} 43. Qe3 Bf6 44. Qxd3 Qg5 45. Re2 h4 $2 (45... b4 46. Qe3 Qf5) 46. Qd7+ {[%emt 0:00:00] White is clearly winning.} Kh6 47. Qd2 b4 48. cxb4 cxb4 49. Kf2 Qxd2 50. Rxd2 Kg5 51. Ke3 Be7 52. Rd5+ {[%emt 0:00:00] Weighted Error Value: White=0.10 (very precise) /Black=0.34} 1-0

[Event "FRA-ch Teams Top 16-Haute 2022"]
[Site "Chartres"]
[Date "2022.06.16"]
[Round "8.8"]
[White "Navrotescu, Andreea"]
[Black "Maze, Sebastien"]
[Result "0-1"]
[ECO "A28"]
[WhiteElo "2318"]
[BlackElo "2519"]
[Annotator "TA"]
[PlyCount "84"]
[EventDate "2022.06.16"]
[EventType "team-tourn"]
[EventCountry "FRA"]
[SourceTitle "playchess.com"]
[Source "ChessBase"]
[SourceQuality "1"]
[TimeControl "40/5400+30:1800+30"]

1. c4 e5 2. Nc3 Nf6 3. Nf3 Nc6 4. e3 Bb4 5. Qc2 d6 6. Ne2 {[%emt 0:00:06] A28: English Opening: Four Knights Variation.} e4 7. Ng5 O-O 8. Ng3 {[%emt 0:04:07] Threatening a3. White has an edge.} Ng4 {[%emt 0:00:24] [#]} 9. N5xe4 $146 {[%emt 0:06:52] White does not recover from this.} (9. Nh3 $1 $11 {and White has nothing to worry.}) ({Predecessor:} 9. Nh3 f5 10. a3 Bc5 11. b4 Bb6 12. c5 dxc5 13. bxc5 Ba5 14. Nf4 Nge5 15. h4 {1-0 (40) Nakada,A (2199)-Paciorkowski,L (2262) Charlotte 2021}) 9... f5 $1 $19 10. Nc3 f4 11. Bd3 (11. exf4 $142 Rxf4 12. Nge4) 11... Qh4 $1 {[%emt 0:01:46] And now ...Nxf2 would win.} (11... fxg3 12. Bxh7+ Kh8 13. hxg3 Nxf2 14. Rh5 $19) 12. Nge4 Bxc3 13. bxc3 Nce5 14. exf4 Nxd3+ (14... Nxf2 $2 15. Nxf2 Nxd3+ 16. Qxd3 $18) (14... Rxf4 $142 15. g3 Qh3) 15. Qxd3 Bf5 (15... Re8 16. Qe2 $17) 16. Qg3 Qxg3 (16... Qe7 17. f3 $11) 17. hxg3 (17. Nxg3 $2 Rae8+ 18. Ne2 Bd3 $19) 17... Bxe4 18. f3 {[%emt 0:00:13] [#]} Bd3 {[%emt 0:01:54] ( -> ...Rae8+)} 19. fxg4 Rae8+ ({Stronger than} 19... Bxc4 20. Kd1 $15) 20. Kf2 {[%emt 0:11:34] [#]} Re2+ $1 ({And not} 20... Bxc4 21. Re1 $17) 21. Kf3 (21. Kg1 $17 {was necessary.}) 21... Rfe8 {[%emt 0:00:38] White must now prevent ...g5.} ({Inferior is} 21... Bxc4 22. d3 Bxd3 23. Rd1) 22. g5 Bxc4 23. Rb1 Bxa2 24. Rb5 Bc4 25. Ra5 a6 26. Rd1 b6 27. Ra3 Bd3 28. g4 a5 29. Rf1 (29. Rg1 $142) 29... R2e4 30. Rf2 d5 31. Kg3 {[%emt 0:23:07] [#]} Re1 $1 32. Bb2 Rb1 33. c4 dxc4 34. Be5 (34. Bc3 $142) 34... c6 (34... Ra8 $142 35. Rf3 a4) 35. Bd4 $2 (35. Rf3 {is a better defense.}) 35... c5 36. Bc3 Ra8 37. Rf3 Re1 {[%emt 0:00:11] aiming for ...a4.} 38. f5 (38. Ra1 $142 Re7 39. f5) 38... a4 {[%emt 0:00:43] Black is clearly winning.} 39. f6 gxf6 40. gxf6 Kf7 41. Ra1 Rxa1 42. Bxa1 Re8 {[%emt 0:00:12] Weighted Error Value: White=0.64/Black=0.21 (precise)} 0-1

[Event "FRA-ch Teams Top 16-Haute 2022"]
[Site "Chartres"]
[Date "2022.06.16"]
[Round "8.9"]
[White "Korobov, Anton"]
[Black "Donchenko, Alexander"]
[Result "1-0"]
[ECO "B22"]
[WhiteElo "2671"]
[BlackElo "2599"]
[Annotator "TA"]
[PlyCount "63"]
[EventDate "2022.06.16"]
[EventType "team-tourn"]
[EventCountry "FRA"]
[SourceTitle "playchess.com"]
[Source "ChessBase"]
[SourceQuality "1"]
[TimeControl "40/5400+30:1800+30"]

1. e4 c5 2. c3 Nf6 3. e5 Nd5 4. Bc4 Nb6 5. Bb3 Nc6 6. d4 {[%emt 0:03:01] B22: Sicilian: 2 c3.} (6. Qh5 c4 7. Bc2 Qc7 $15) 6... cxd4 7. cxd4 d6 8. e6 $1 {[%emt 0:02:40][%mdl 4] The position is equal. is recently more successful than 8.Nf3.} fxe6 (8... Bxe6 9. d5 Nxd5 10. Bxd5 $16) 9. Nf3 g6 $1 (9... Nd5 10. Nc3 $14) 10. h4 Bg7 11. h5 Nd5 12. Nc3 Qb6 {[%emt 0:17:59][%cal Rc6d4] [#]} 13. O-O $146 {[%emt 0:14:34] Black must now prevent h6.} ({Predecessor:} 13. hxg6 hxg6 14. Rxh8+ Bxh8 15. Be3 Nxe3 16. fxe3 Bd7 17. Qd3 O-O-O 18. Qxg6 e5 19. d5 Qxe3+ {0-1 (52) Vlassov,N (2294)-Tari,A (2639) Chess.com INT 2021}) 13... Nxd4 ({Less strong is} 13... Bxd4 14. Bxd5 exd5 15. Nxd5 $18) (13... Rf8 $11) 14. Nxd5 $16 exd5 15. Be3 Nxf3+ 16. Qxf3 Qb5 (16... Rf8 $2 17. Ba4+ Qc6 18. Bxc6+ $18) 17. Rad1 Rf8 18. Qg3 Qb4 (18... Bxb2 19. hxg6 hxg6 20. Rxd5 $18) (18... Be5 $11 {remains equal.} 19. f4 Bxb2) 19. hxg6 Qg4 {[%emt 0:00:20] This costs Black the game.} (19... Qe4 $16) 20. gxh7 $18 Rh8 21. Bc2 ({Weaker is} 21. Bxd5 Rxh7 22. Qxg4 Bxg4 $16) 21... Bxb2 22. Rxd5 Be6 $2 (22... Qxg3 23. fxg3 b6 24. Bg6+ Kd7) 23. Rb5 Bf6 24. Rxb7 {[%emt 0:01:12] Threatens to win with Bg6+.} Kf8 25. Bh6+ Kf7 {[%emt 0:00:05] [#]} 26. Rb4 $3 {[%emt 0:05:28][%mdl 512] Really sharp!} Qxg3 27. fxg3 Rac8 $2 {[%emt 0:01:25] [#]} (27... Rab8) 28. Rxf6+ $1 {[%emt 0:00:34][%mdl 512] White is clearly winning.} Kxf6 (28... exf6 29. Rb7+) 29. Rf4+ Ke5 30. Bg7+ Kd5 31. Bb3+ {[%emt 0:00:16][%mdl 64] Deflection. A strong pair of Bishops.} Kc6 32. Bxe6 {[%emt 0:20:14] Weighted Error Value: White=0.14 (very precise) /Black=0.42} 1-0

[Event "FRA-ch Teams Top 16-Haute 2022"]
[Site "Chartres"]
[Date "2022.06.16"]
[Round "8.10"]
[White "Solodovnichenko, Yuri"]
[Black "Edouard, Romain"]
[Result "1/2-1/2"]
[ECO "C15"]
[WhiteElo "2499"]
[BlackElo "2575"]
[Annotator "TA"]
[PlyCount "42"]
[EventDate "2022.06.16"]
[EventType "team-tourn"]
[EventCountry "FRA"]
[SourceTitle "playchess.com"]
[Source "ChessBase"]
[SourceQuality "1"]
[TimeControl "40/5400+30:1800+30"]

1. e4 e6 2. d4 d5 3. Nc3 Bb4 4. Nge2 Nc6 5. a3 Ba5 6. b4 Bb6 7. Bb2 {[%emt 0:00:04] C15: French: 3 Nc3 Bb4: Unusual White 4th moves.} Nge7 8. g3 e5 9. dxe5 {[%emt 0:03:27] The position is equal.} Nxe5 {[%emt 0:00:03][%cal Re5f3] [#]} 10. Nf4 Bg4 11. Be2 {[%emt 0:00:08] Prevents Nf3+. White is slightly better.} Bxe2 12. Qxe2 Nc4 13. O-O-O Nxb2 14. Kxb2 d4 15. Ncd5 {[%emt 0:01:27] [#]  Weighted Error Value: White=0.00 (flawless) /Black=0.02 (flawless)} {Predecessor:} O-O $146 16. Qc4 Nc6 17. Nxb6 axb6 18. b5 Qe7 19. a4 Ne5 20. Qxd4 c6 21. Nd3 Nf3 {½-½ (35) Stoleriu,G (2362)-Marin,M (2555) Alba Iulia 2018} 1/2-1/2

[Event "FRA-ch Teams Top 16-Haute 2022"]
[Site "Chartres"]
[Date "2022.06.16"]
[Round "8.11"]
[White "Grandelius, Nils"]
[Black "Brunner, Nicolas"]
[Result "1-0"]
[ECO "E03"]
[WhiteElo "2635"]
[BlackElo "2454"]
[Annotator "TA"]
[PlyCount "59"]
[EventDate "2022.06.16"]
[EventType "team-tourn"]
[EventCountry "FRA"]
[SourceTitle "playchess.com"]
[Source "ChessBase"]
[SourceQuality "1"]
[TimeControl "40/5400+30:1800+30"]

1. c4 {[%emt 0:01:41] Ganguly,Surya} e6 2. g3 d5 3. Bg2 Nf6 4. d4 dxc4 5. Qa4+ Nbd7 6. Qxc4 a6 7. Be3 {[%emt 0:00:41] is cutting edge theory. E03: Open Catalan: 5 Qa4+ Nbd7 6 Qxc4.} Bd6 8. Nh3 O-O 9. O-O {[%emt 0:00:05] The position is equal.} e5 10. dxe5 Nxe5 11. Qc2 Qe7 12. Nc3 h6 {[%emt 0:10:08] [#]} 13. Nf4 $146 ({Predecessor:} 13. Rad1 Re8 14. Nf4 c6 15. Bd4 g5 16. Nd3 Nxd3 17. Rxd3 Be5 18. Qd2 Bf5 19. e4 {1-0 (26) Caruana,F (2827)-Anand,V (2771) Batumi 2018 CBM 187 [Ganguly,Surya]}) 13... c6 $1 {[%emt 0:00:44] Against Ncd5} 14. Rad1 Be6 (14... g5 $11) 15. Bd4 Rad8 16. Nxe6 Qxe6 17. e4 (17. Kh1 $14) 17... c5 $11 18. Be3 {[%emt 0:00:09] Hoping for f4.} c4 19. Bb6 Rd7 20. Nd5 Nxd5 21. Rxd5 Be7 {[%emt 0:01:26] [#] And now ...Rxd5 would win.} 22. Bd4 Bf6 23. Rd1 {[%emt 0:02:51] f4 is the strong threat.} Rxd5 24. exd5 Qd6 25. Bxe5 Bxe5 26. Qxc4 Bxb2 27. Qb3 $36 {[%emt 0:00:52][%csl LRb2,LRb7][%mdl 2048] White is more active.} Be5 28. Qxb7 Rb8 29. Qc6 Rb2 $2 {[%emt 0:04:25][%mdl 8192] [#]} (29... g6 $14) 30. Qe8+ {[%emt 0:01:11] Weighted Error Value: White=0.05 (flawless) /Black=0.37} 1-0

[Event "FRA-ch Teams Top 16-Haute 2022"]
[Site "Chartres"]
[Date "2022.06.16"]
[Round "8.12"]
[White "Hamitevici, Vladimir"]
[Black "Fedorchuk, Sergey A."]
[Result "1/2-1/2"]
[ECO "A28"]
[WhiteElo "2482"]
[BlackElo "2606"]
[Annotator "TA"]
[PlyCount "45"]
[EventDate "2022.06.16"]
[EventType "team-tourn"]
[EventCountry "FRA"]
[SourceTitle "playchess.com"]
[Source "ChessBase"]
[SourceQuality "1"]
[TimeControl "40/5400+30:1800+30"]

1. c4 e5 2. Nc3 Nc6 3. Nf3 Nf6 4. e3 Bb4 5. Qc2 Bxc3 6. Qxc3 Qe7 7. Be2 {[%emt 0:05:56] 7.d4 is setting a new trend.} d5 {[%emt 0:08:47] A28: English Opening: Four Knights Variation.} 8. d4 exd4 9. Nxd4 Nxd4 10. Qxd4 c5 11. Qf4 dxc4 12. Bxc4 Be6 {[%emt 0:00:16] The position is equal.} 13. b3 Bxc4 14. Qxc4 O-O 15. Bb2 Rfd8 16. O-O b6 {[%emt 0:01:26] [#] Not much happened in this game.  Weighted Error Value: White=0.02 (flawless) /Black=0.00 (flawless)} {Predecessor:} 17. Rad1 $146 Rxd1 18. Rxd1 Rd8 19. Qe2 h6 20. h3 Rxd1+ 21. Qxd1 Qd7 22. Qxd7 Nxd7 23. Kf1 {1-0 (32) Bluebaum,M (2643)-Santos Ruiz,M (2560) chess24.com INT 2019} 1/2-1/2

[Event "FRA-ch Teams Top 16-Haute 2022"]
[Site "Chartres"]
[Date "2022.06.16"]
[Round "8.13"]
[White "Jones, Gawain C B"]
[Black "Savina, Anastasia"]
[Result "1-0"]
[ECO "B06"]
[WhiteElo "2669"]
[BlackElo "2348"]
[Annotator "TA"]
[PlyCount "51"]
[EventDate "2022.06.16"]
[EventType "team-tourn"]
[EventCountry "FRA"]
[SourceTitle "playchess.com"]
[Source "ChessBase"]
[SourceQuality "1"]
[TimeControl "40/5400+30:1800+30"]

1. d4 g6 2. e4 Bg7 3. Nc3 d6 4. Be3 a6 5. Qd2 b5 6. O-O-O Nd7 7. h4 {[%emt 0:01:08][%cal Bh2h4,Bh4h5][%mdl 32] B06: Modern Defence.} Ngf6 {[%emt 0:01:39] [#]} 8. e5 $146 ({Predecessor:} 8. f3 h6 9. g4 Nb6 10. Nh3 b4 11. Nb1 a5 12. Nf4 Nfd7 13. e5 e6 14. exd6 Bb7 15. d5 Qf6 16. c3 e5 17. dxc7 Qd6 18. Bb5 O-O 19. Nxg6 fxg6 {0-1 (19) Nasuta,G (2521)-Gareyev,T (2573) Warsaw 2021}) 8... Ng4 {[%emt 0:04:41] [#]} 9. h5 $1 {[%emt 0:09:27] White is better.} dxe5 10. dxe5 Ngxe5 11. Bh6 Bf8 (11... Bxh6 $16 {was called for.} 12. Qxh6 e6) 12. Bf4 $18 {[%emt 0:06:59] Strongly threatening Bxe5.} Bg7 13. Qe3 (13. Nf3 $142 Nxf3 14. gxf3) 13... Bb7 $16 14. Bxe5 Bxe5 {[%emt 0:00:11] [#]} 15. Rxd7 $1 Qxd7 16. Qxe5 O-O-O {[%emt 0:00:19] ( -> ...Qd2+)} 17. Bd3 f6 18. Qe3 Bxg2 19. Rh4 {[%emt 0:02:49][%cal Bh1h4,Bh4b4,Bb4b3][%mdl 32] aiming for f3.} (19. Rh2 Bb7 $11) 19... Bb7 (19... g5 $14 20. Rb4 Qd6) 20. Nge2 {[%emt 0:02:49][%mdl 1024] White has strong compensation. White is more active.} ({And not} 20. hxg6 hxg6 21. Rxh8 Rxh8 $15) 20... e5 $1 {[%emt 0:04:28] [#]} 21. a4 $1 ({Of course not} 21. hxg6 $6 hxg6 22. Rxh8 Rxh8 $15) 21... g5 (21... c6 $142) 22. Rb4 Qe7 23. Rb3 c6 (23... b4 $16 {might work better.}) 24. Qa7 $18 Rxd3 25. cxd3 b4 (25... Qe6 26. Ne4 Qxb3 27. Nd6+ Kc7) 26. Ne4 {[%emt 0:00:45] Weighted Error Value: White=0.05 (flawless) /Black=0.36} 1-0

[Event "FRA-ch Teams Top 16-Haute 2022"]
[Site "Chartres"]
[Date "2022.06.16"]
[Round "8.14"]
[White "Nezar, Mustapha"]
[Black "Velten, Paul"]
[Result "0-1"]
[ECO "C54"]
[WhiteElo "2357"]
[BlackElo "2492"]
[Annotator "TA"]
[PlyCount "164"]
[EventDate "2022.06.16"]
[EventType "team-tourn"]
[EventCountry "FRA"]
[SourceTitle "playchess.com"]
[Source "ChessBase"]
[SourceQuality "1"]
[TimeControl "40/5400+30:1800+30"]

1. e4 e5 2. Nf3 Nc6 3. Bc4 Bc5 4. O-O Nf6 5. d3 d6 6. c3 Bb6 7. Nbd2 Ne7 8. Bb3 c6 {[%emt 0:07:58][%cal Bc7c6,Bc6c5,Bc5c4][%mdl 32] C54: Giuoco Piano: 4 c3 Nf6, main lines with 5 d4 and 5 d3.} 9. Re1 O-O 10. Nf1 h6 {[%emt 0:01:30] The position is equal.} 11. Ng3 {[%emt 0:04:10] [#]} Be6 $146 ({Predecessor:} 11... Ng6 12. h3 Re8 13. d4 Be6 14. Bc2 Qd7 15. Be3 Rad8 16. Qe2 Qc8 17. a3 Nf4 {1-0 (26) Zhigalko,S (2594)-Strybuk,A (2294) Minsk 2019}) 12. Be3 Bxe3 13. Rxe3 c5 14. Bxe6 fxe6 15. d4 Qc7 16. dxe5 dxe5 17. Rd3 Ng6 18. Qa4 c4 19. Rd2 a6 20. Qb4 Ne8 {[%emt 0:01:18][%cal Of8f3] Against Qd6} 21. Rad1 Rf7 {[%emt 0:00:05] Inhibits Rd7.} 22. a4 Kh7 23. Ne1 Rb8 24. Nf1 b5 25. axb5 Rxb5 26. Qa3 {[%emt 0:00:58] [#]} (26. Qa4 $11) 26... Nf6 $1 $17 {[%emt 0:00:07][%cal Be8f6,Bf6e4,Be4f2][%mdl 32] Black is more active.} 27. Qxa6 Rb6 (27... Ra5 $1 $15 28. Qxe6 Nf4 29. Qf5+ g6 30. Qxf6 Ne2+ 31. Rxe2 Rxf6) 28. Qa8 (28. Qa4 $1 $11) 28... Rb8 $15 {[%emt 0:00:32][%mdl 64] Deflection} 29. Qa6 (29. Qa4 $15) 29... Nxe4 $19 30. Re2 {[%emt 0:00:32] [#]} (30. Ne3 Nxd2 31. Rxd2) 30... Nxf2 $1 31. Rxf2 Rxf2 32. Kxf2 Qc5+ 33. Kg3 Rxb2 $2 (33... Rf8 $19 {( -> ...Qf2+)} 34. Nf3 e4) 34. Rd2 $15 {[%emt 0:01:24] Inhibits Qf2+.} Rb1 35. Re2 Qg1 36. Qxc4 {[%emt 0:03:46][%cal Of1d2] Strongly threatening Nd2!} Qxf1 37. Qe4 Rc1 38. Nf3 Rxc3 39. h4 {[%emt 0:00:10] aiming for h5.} h5 (39... Qc1 $15 40. Kh2 Rc4) 40. Kh2 Rc1 41. Nxe5 Qh1+ 42. Kg3 Rc3+ 43. Nf3 $1 Qc1 44. Kh2 Qf4+ 45. Qxf4 Nxf4 $11 {[%emt 0:00:00][%mdl 4096] Endgame KRN-KRN} 46. Re4 Nd5 47. Rxe6 {[%emt 0:00:00] White wants to mate with Ng5+.} Nf6 48. Kg3 Ra3 49. Re5 Ra4 50. Re6 Kg8 51. Ng5 Kf8 52. Re3 Nd5 53. Rf3+ Ke8 54. Rf5 Nf6 55. Rf4 Ra2 56. Rf3 Ke7 57. Re3+ Kf8 58. Rf3 Kg8 59. Rd3 {[%emt 0:00:00] Threatening mate with Rd8+.} Ra8 {[%emt 0:00:00] Prevents Rd8+.} 60. Rb3 Re8 61. Ra3 Nd5 62. Ra5 Nf6 63. Ra3 Ng4 64. Rb3 Ra8 65. Rc3 Nh6 66. Rc5 g6 67. Nf3 Nf5+ 68. Kh3 Ra4 69. Rc7 Rg4 70. Rb7 Kf8 71. Ra7 Ke8 72. Rb7 Kd8 73. Rb8+ Kc7 74. Re8 Kd6 75. Re2 Kc5 76. Rd2 Kb4 77. Rc2 Kb3 78. Rc6 Kb2 79. Rc5 Kb3 80. Rc6 Kb4 81. Rc2 Ne3 82. Re2 $2 {[%emt 0:00:40][%mdl 8192] [#]} (82. Ne5 $11) 82... Nf1 $1 {[%emt 0:00:00] Weighted Error Value: White=0.21 (precise) /Black=0.23 (precise)} 0-1